[ AOE2 MATCH · #475372644 ]
UnrankedIncas vs Malians
Player's team · LOSS
Rival team · WIN
[ REPLAY ANALYSIS · EXTRACTED FROM THE RECORDED GAME ]
Feudal
8:50
Castle
20:48
Imperial
38:55
| APM avg | 53.6 |
| APM peak | 102 |
| eAPM avg | 30.6 |
| Villagers / military | 343 / 541 |
Focus
⚔️ 45.0% · 🌾 55.0%
Spearman ×234 · Archer ×183 · Skirmisher ×96 · Kamayuk ×12 · Trebuchet (Packed) ×12 · Unknown (2550) ×5
Feudal
8:56
Castle
20:13
Imperial
36:33
| APM avg | 72.1 |
| APM peak | 128 |
| eAPM avg | 39.0 |
| Villagers / military | 183 / 783 |
Focus
⚔️ 47.1% · 🌾 52.9%
Scout Cavalry ×541 · Skirmisher ×107 · Archer ×59 · Hand Cannoneer ×52 · Trebuchet (Packed) ×12 · Knight ×7
Match map
Initial resources + every placement click. Lines = walls · curves = elevation contours. ◆ gold · ⬟ stone · ● berries · ✦ relic · ◌ wall gap
Your base· Open — opponent sealed themselves in
A Bag of Salt's base· Open — 7t gap
Smoothed initial terrain · ◌ = detected wall gap · hover for details
Inputs per minute
— Chris Pelham - - A Bag of Salt
Build order — Chris Pelham
First 150 of 1104 actions detected
| 0:00 | Create | Villager (Male) |
| 0:00 | Create | Villager (Male) |
| 0:01 | Create | Villager (Male) |
| 0:02 | Build | House |
| 0:08 | Create | Villager (Male) |
| 1:12 | Create | Villager (Male) |
| 1:50 | Create | Villager (Male) |
| 2:08 | Create | Villager (Male) |
| 2:42 | Create | Villager (Male) |
| 2:42 | Create | Villager (Male) |
| 3:02 | Build | Settlement |
| 3:26 | Create | Villager (Male) |
| 3:26 | Create | Villager (Male) |
| 3:27 | Create | Villager (Male) |
| 3:50 | Create | Villager (Male) |
| 5:07 | Create | Villager (Male) |
| 5:08 | Create | Villager (Male) |
| 5:28 | Create | Villager (Male) |
| 5:57 | Build | Barracks |
| 6:13 | Research | Loom |
| 6:33 | Research | Feudal Age |
| 6:52 | Create | Unit 2550 |
| 7:07 | Create | Unit 2550 |
| 7:36 | Create | Unit 2550 |
| 7:37 | Build | Settlement |
| 8:44 | Create | Villager (Male) |
| 8:50 | Create | Unit 2550 |
| 8:50 | Age | Feudal Age |
| 8:55 | Research | Tech 1402 |
| 9:08 | Research | Loom |
| 9:31 | Create | Villager (Male) |
| 9:42 | Research | Double-Bit Axe |
| 9:52 | Create | Villager (Male) |
| 9:54 | Create | Unit 2550 |
| 10:11 | Build | Archery Range |
| 10:11 | Create | Villager (Male) |
| 10:22 | Build | Palisade Wall |
| 10:23 | Build | Palisade Wall |
| 10:38 | Create | Villager (Male) |
| 10:44 | Build | Palisade Wall |
| 10:45 | Build | Palisade Wall |
| 10:50 | Build | Farm |
| 10:51 | Build | Farm |
| 10:53 | Build | Farm |
| 10:59 | Create | Villager (Male) |
| 11:07 | Build | Farm |
| 11:12 | Build | Farm |
| 11:14 | Build | Farm |
| 11:15 | Create | Archer |
| 11:22 | Build | Palisade Wall |
| 11:23 | Build | Palisade Wall |
| 11:31 | Build | Farm |
| 11:37 | Create | Villager (Male) |
| 11:51 | Build | Farm |
| 11:55 | Create | Villager (Male) |
| 12:19 | Create | Villager (Male) |
| 12:24 | Build | Farm |
| 12:26 | Build | Farm |
| 12:28 | Create | Archer |
| 12:35 | Build | House |
| 12:43 | Build | Palisade Wall |
| 12:45 | Build | Palisade Wall |
| 12:46 | Build | Palisade Wall |
| 12:47 | Build | Palisade Wall |
| 12:51 | Build | Palisade Wall |
| 12:54 | Create | Villager (Male) |
| 12:59 | Create | Archer |
| 13:08 | Build | Farm |
| 13:11 | Build | Palisade Wall |
| 13:12 | Build | Palisade Wall |
| 13:18 | Build | Palisade Wall |
| 13:19 | Build | Palisade Wall |
| 13:22 | Create | Villager (Male) |
| 13:24 | Create | Archer |
| 13:36 | Build | Farm |
| 13:39 | Create | Villager (Male) |
| 13:43 | Create | Archer |
| 13:59 | Build | Farm |
| 14:01 | Create | Villager (Male) |
| 14:09 | Build | Palisade Wall |
| 14:10 | Build | Palisade Wall |
| 14:11 | Build | Palisade Wall |
| 14:15 | Build | Palisade Wall |
| 14:17 | Create | Villager (Male) |
| 14:51 | Build | House |
| 14:55 | Create | Villager (Male) |
| 15:01 | Build | Blacksmith |
| 15:09 | Create | Villager (Male) |
| 15:12 | Create | Archer |
| 15:31 | Research | Fletching |
| 15:34 | Build | Farm |
| 15:37 | Create | Villager (Male) |
| 15:44 | Create | Archer |
| 15:55 | Create | Archer |
| 16:07 | Create | Villager (Male) |
| 16:21 | Build | House |
| 16:28 | Create | Villager (Male) |
| 16:33 | Build | Farm |
| 16:36 | Research | Wheelbarrow |
| 16:58 | Build | Outpost |
| 17:00 | Create | Villager (Male) |
| 17:08 | Create | Archer |
| 18:08 | Research | Castle Age |
| 18:14 | Create | Archer |
| 18:19 | Build | Archery Range |
| 18:39 | Research | Padded Archer Armor |
| 18:49 | Create | Archer |
| 18:51 | Create | Villager (Male) |
| 19:02 | Build | Palisade Wall |
| 19:07 | Create | Archer |
| 19:11 | Research | Horse Collar |
| 19:33 | Create | Villager (Male) |
| 19:35 | Create | Archer |
| 19:40 | Build | Palisade Wall |
| 20:17 | Create | Archer |
| 20:17 | Create | Archer |
| 20:32 | Build | Palisade Wall |
| 20:37 | Build | House |
| 20:48 | Create | Villager (Male) |
| 20:48 | Age | Castle Age |
| 20:53 | Research | Crossbowman (upgrade) |
| 20:53 | Research | Bodkin Arrow |
| 21:00 | Build | University |
| 21:09 | Create | Archer |
| 21:09 | Create | Archer |
| 21:33 | Create | Villager (Male) |
| 21:42 | Build | House |
| 21:43 | Build | House |
| 22:01 | Create | Archer |
| 22:01 | Create | Archer |
| 22:03 | Create | Villager (Male) |
| 22:14 | Research | Ballistics |
| 22:17 | Build | House |
| 22:18 | Build | Palisade Wall |
| 22:21 | Create | Villager (Male) |
| 22:31 | Build | Farm |
| 22:42 | Create | Villager (Male) |
| 22:54 | Build | Farm |
| 23:05 | Create | Archer |
| 23:06 | Create | Archer |
| 23:16 | Create | Villager (Male) |
| 23:26 | Create | Archer |
| 23:27 | Create | Archer |
| 23:44 | Create | Archer |
| 23:46 | Create | Villager (Male) |
| 23:51 | Research | Bow Saw |
| 24:03 | Build | Town Center |
| 24:04 | Create | Villager (Male) |
| 24:45 | Build | Settlement |
| 24:51 | Create | Villager (Male) |
Build order — A Bag of Salt
First 150 of 1277 actions detected
| 0:00 | Create | Villager (Male) |
| 0:00 | Create | Villager (Male) |
| 0:01 | Create | Villager (Male) |
| 0:02 | Build | House |
| 0:02 | Build | House |
| 0:23 | Create | Villager (Male) |
| 0:23 | Create | Villager (Male) |
| 1:25 | Create | Villager (Male) |
| 2:01 | Create | Villager (Male) |
| 2:01 | Create | Villager (Male) |
| 2:08 | Build | Lumber Camp |
| 2:21 | Create | Villager (Male) |
| 2:50 | Create | Villager (Male) |
| 3:08 | Create | Villager (Male) |
| 3:41 | Create | Villager (Male) |
| 3:47 | Build | House |
| 4:02 | Create | Villager (Male) |
| 4:19 | Create | Villager (Male) |
| 4:44 | Build | Barracks |
| 4:55 | Create | Villager (Male) |
| 5:04 | Build | House |
| 5:07 | Create | Villager (Male) |
| 5:45 | Create | Villager (Male) |
| 5:46 | Research | Loom |
| 6:20 | Build | Mining Camp |
| 6:46 | Research | Feudal Age |
| 6:46 | Research | Feudal Age |
| 7:13 | Build | Mill |
| 7:19 | Create | Militia |
| 7:35 | Create | Militia |
| 7:51 | Build | House |
| 7:58 | Create | Militia |
| 8:26 | Create | Villager (Male) |
| 8:38 | Create | Militia |
| 8:56 | Age | Feudal Age |
| 9:01 | Research | Man-at-Arms (upgrade) |
| 9:01 | Research | Man-at-Arms (upgrade) |
| 9:04 | Build | Archery Range |
| 9:22 | Create | Villager (Male) |
| 9:34 | Build | House |
| 9:36 | Create | Villager (Male) |
| 9:58 | Create | Villager (Male) |
| 10:09 | Build | House |
| 10:10 | Build | Palisade Wall |
| 10:19 | Create | Villager (Male) |
| 10:29 | Build | Farm |
| 10:31 | Build | Farm |
| 10:33 | Build | Farm |
| 10:35 | Build | House |
| 10:38 | Create | Villager (Male) |
| 10:40 | Create | Archer |
| 10:45 | Build | House |
| 10:46 | Build | Palisade Wall |
| 10:59 | Build | Palisade Wall |
| 11:00 | Build | Palisade Wall |
| 11:09 | Create | Villager (Male) |
| 11:12 | Build | Farm |
| 11:20 | Create | Archer |
| 11:31 | Build | House |
| 11:51 | Create | Villager (Male) |
| 12:10 | Create | Villager (Male) |
| 12:12 | Build | Blacksmith |
| 12:16 | Build | Farm |
| 12:28 | Create | Archer |
| 12:37 | Create | Villager (Male) |
| 12:40 | Build | Farm |
| 12:56 | Research | Fletching |
| 12:59 | Build | Farm |
| 13:01 | Create | Villager (Male) |
| 13:02 | Create | Archer |
| 13:17 | Build | Farm |
| 13:23 | Build | House |
| 13:26 | Create | Villager (Male) |
| 13:42 | Create | Archer |
| 13:44 | Build | Farm |
| 13:54 | Build | House |
| 13:55 | Build | House |
| 14:03 | Create | Villager (Male) |
| 14:05 | Create | Archer |
| 14:13 | Build | Farm |
| 14:27 | Create | Villager (Male) |
| 14:30 | Build | House |
| 14:31 | Build | House |
| 14:54 | Create | Villager (Male) |
| 15:10 | Create | Villager (Male) |
| 15:12 | Build | Farm |
| 15:13 | Build | Farm |
| 15:14 | Create | Archer |
| 15:31 | Create | Villager (Male) |
| 15:41 | Build | House |
| 15:43 | Build | Palisade Wall |
| 15:53 | Create | Villager (Male) |
| 15:53 | Create | Archer |
| 16:08 | Create | Villager (Male) |
| 16:20 | Build | Archery Range |
| 16:39 | Create | Archer |
| 16:43 | Build | Farm |
| 17:01 | Create | Villager (Male) |
| 17:08 | Build | Lumber Camp |
| 17:19 | Create | Archer |
| 17:33 | Research | Castle Age |
| 17:39 | Create | Archer |
| 18:08 | Create | Archer |
| 18:37 | Research | Double-Bit Axe |
| 18:38 | Research | Horse Collar |
| 18:40 | Create | Archer |
| 19:03 | Create | Archer |
| 19:03 | Create | Archer |
| 19:14 | Create | Archer |
| 19:35 | Create | Archer |
| 19:39 | Research | Padded Archer Armor |
| 19:40 | Research | Gold Mining |
| 19:47 | Build | Farm |
| 20:03 | Create | Archer |
| 20:05 | Build | Farm |
| 20:06 | Build | Farm |
| 20:13 | Create | Archer |
| 20:13 | Age | Castle Age |
| 20:15 | Research | Crossbowman (upgrade) |
| 20:24 | Research | Bodkin Arrow |
| 20:24 | Research | Bodkin Arrow |
| 20:28 | Build | University |
| 20:39 | Build | House |
| 20:44 | Create | Villager (Male) |
| 20:58 | Create | Villager (Male) |
| 21:18 | Build | House |
| 21:31 | Research | Ballistics |
| 21:31 | Research | Ballistics |
| 21:35 | Create | Villager (Male) |
| 21:36 | Create | Archer |
| 21:37 | Create | Archer |
| 21:40 | Build | House |
| 21:49 | Create | Villager (Male) |
| 22:08 | Create | Villager (Male) |
| 22:09 | Create | Archer |
| 22:09 | Create | Archer |
| 22:28 | Create | Villager (Male) |
| 22:57 | Create | Villager (Male) |
| 22:57 | Create | Villager (Male) |
| 23:03 | Build | Town Center |
| 23:17 | Create | Archer |
| 23:17 | Create | Archer |
| 23:44 | Create | Villager (Male) |
| 23:44 | Create | Villager (Male) |
| 23:45 | Create | Archer |
| 23:45 | Create | Archer |
| 23:46 | Create | Archer |
| 23:53 | Create | Villager (Male) |
| 23:53 | Create | Archer |
| 23:54 | Create | Archer |
Match timeline
| 4:44 | A Bag of Salt · first_building Barracks |
| 5:57 | Chris Pelham · first_building Barracks |
| 8:50 | Chris Pelham · age_up feudal |
| 8:56 | A Bag of Salt · age_up feudal |
| 9:04 | A Bag of Salt · first_building Archery Range |
| 10:10 | A Bag of Salt · wall_segment Palisade Wall x1 |
| 10:11 | Chris Pelham · first_building Archery Range |
| 10:22 | Chris Pelham · wall_segment Palisade Wall x1 |
| 10:23 | Chris Pelham · wall_segment Palisade Wall x1 |
| 10:44 | Chris Pelham · wall_segment Palisade Wall x1 |
| 10:45 | Chris Pelham · wall_segment Palisade Wall x1 |
| 10:46 | A Bag of Salt · wall_segment Palisade Wall x2 |
| 10:59 | A Bag of Salt · wall_segment Palisade Wall x1 |
| 11:00 | A Bag of Salt · wall_segment Palisade Wall x1 |
| 11:22 | Chris Pelham · wall_segment Palisade Wall x1 |
| 11:23 | Chris Pelham · wall_segment Palisade Wall x1 |
| 12:43 | Chris Pelham · wall_segment Palisade Wall x1 |
| 12:45 | Chris Pelham · wall_segment Palisade Wall x1 |
| 12:46 | Chris Pelham · wall_segment Palisade Wall x1 |
| 12:47 | Chris Pelham · wall_segment Palisade Wall x1 |
| 12:51 | Chris Pelham · wall_segment Palisade Wall x1 |
| 13:11 | Chris Pelham · wall_segment Palisade Wall x1 |
| 13:12 | Chris Pelham · wall_segment Palisade Wall x1 |
| 13:18 | Chris Pelham · wall_segment Palisade Wall x1 |
| 13:19 | Chris Pelham · wall_segment Palisade Wall x1 |
| 14:09 | Chris Pelham · wall_segment Palisade Wall x1 |
| 14:10 | Chris Pelham · wall_segment Palisade Wall x1 |
| 14:11 | Chris Pelham · wall_segment Palisade Wall x1 |
| 14:15 | Chris Pelham · wall_segment Palisade Wall x1 |
| 15:43 | A Bag of Salt · wall_segment Palisade Wall x9 |
| 19:02 | Chris Pelham · wall_segment Palisade Wall x1 |
| 19:40 | Chris Pelham · wall_segment Palisade Wall x5 |
| 20:13 | A Bag of Salt · age_up castle |
| 20:32 | Chris Pelham · wall_segment Palisade Wall x3 |
| 20:48 | Chris Pelham · age_up castle |
| 22:18 | Chris Pelham · wall_segment Palisade Wall x7 |
| 28:54 | A Bag of Salt · first_market_buy 100 wood |
| 29:04 | Chris Pelham · first_building Monastery |
| 31:31 | Chris Pelham · first_building Siege Workshop |
| 32:58 | A Bag of Salt · first_building Monastery |
| 33:13 | A Bag of Salt · first_market_sell 100 wood |
| 34:49 | A Bag of Salt · first_building Stable |
| 36:33 | A Bag of Salt · age_up imperial |
| 36:52 | Chris Pelham · first_building Castle |
| 38:10 | A Bag of Salt · first_building Castle |
| 38:55 | Chris Pelham · age_up imperial |
| 40:02 | Chris Pelham · wall_segment Palisade Wall x1 |
| 40:09 | Chris Pelham · wall_segment Palisade Wall x1 |
| 41:30 | Chris Pelham · first_market_buy 100 food |
| 46:04 | Chris Pelham · first_market_sell 100 wood |
| 50:23 | Chris Pelham · wall_segment Palisade Wall x1 |
| 54:12 | Chris Pelham · wall_segment Palisade Wall x1 |
| 54:13 | Chris Pelham · wall_segment Palisade Wall x1 |
| 60:36 | Chris Pelham · wall_segment Palisade Wall x1 |
| 69:17 | Chris Pelham · resign |
[ AI ANALYSIS · 1 CREDIT ]
What really happened in this match?
Wolo.gg analyzes every decision: build order, eco, micro, common mistakes by bracket. Personalized analysis on WhatsApp or Discord in 30 seconds.
Civ guide
Incas
Perfil
Jugador #2082703